Map: Ulrena

Players

sinner

  • Race: Protoss Protoss
  • League: Bronze
  • Spawn Location: 7:00

zidar - Winner!

  • Race: Zerg Zerg
  • League: Silver
  • Spawn Location: 11:00

VOD

Have the link to the VOD?

Description

Time

  • Played on: Feb. 12, 2016, 7:27 a.m.
  • Length: 6:06
Show
View Real Time Build Order
Export as new Build Order

sinner Protoss 

Build Orders:  

Get SALT Encoding   

  12  0:10  Pylon  
  12  0:18  Probe (Chrono Boost)  
  14  0:28  Probe (Chrono Boost)  
  14  0:32  Gateway  
  14  0:39  Probe (Chrono Boost)  
  15  0:47  Assimilator  
  15  0:49  Probe (Chrono Boost)  
  16  0:56  Assimilator  
  16  1:00  Probe (Chrono Boost)  
  17  1:10  Probe (Chrono Boost)  
  18  1:21  Probe (Chrono Boost)  
  19  1:28  Cybernetics Core  
  19  1:29  Zealot  
  19  1:31  Probe (Chrono Boost)  
  22  1:36  Pylon  
  22  1:42  Probe (Chrono Boost)  
  23  1:55  Probe (Chrono Boost)  
  24  2:05  Warp Gate (Chrono Boost)  
  24  2:13  Stalker  
  24  2:14  Gateway  
  26  2:32  Robotics Facility  
  26  2:43  Gateway  
  26  2:47  Gateway  
  26  3:09  Stalker x2  
  30  3:25  Pylon  
  30  3:34  Pylon  
  30  3:43  Warp Prism (Chrono Boost)  
  32  4:07  Stalker  
  32  4:32  Zealot  
  32  4:33  Zealot x2  
  32  4:34  Zealot  
  29  4:38  Probe  
  19  4:50  Probe (Chrono Boost)  
  20  5:02  Probe (Chrono Boost)  
  21  5:13  Probe (Chrono Boost)  
  22  5:24  Probe (Chrono Boost)  
  23  5:29  Stalker x2  
  21  5:40  Zealot  
Show
View Real Time Build Order
Export as new Build Order

zidar Zerg - Winner!

Build Orders: Pool First 

Get SALT Encoding   

  12  0:01  Drone  
  13  0:12  Overlord  
  13  0:17  Drone  
  14  0:30  Drone  
  14  0:31  Drone  
  14  0:34  Drone  
  17  0:50  Spawning Pool, Drone  
  17  1:11  Hatchery  
  17  1:14  Drone  
  17  1:18  Extractor  
  16  1:19  Drone  
  17  1:25  Drone  
  17  1:30  Drone  
  19  1:43  Queen  
  19  1:44  Overlord  
  21  1:58  Drone  
  22  2:06  Drone  
  23  2:19  Queen  
  25  2:34  Drone  
  25  2:35  Drone x4  
  30  2:50  Metabolic Boost  
  30  2:54  Zergling x8  
  30  2:55  Zergling x2  
  35  2:58  Overlord  
  35  3:09  Roach Warren  
  34  3:34  Zergling x16  
  35  3:35  Zergling x2  
  43  4:04  Hatchery  
  28  4:48  Zergling x14  
  28  4:49  Zergling x18  
  44  4:58  Overlord x2  
  44  5:09  Extractor  
  43  5:20  Roach  
  43  5:21  Roach x4  
Tags
 
Matchup
PvZ
Opening
Pool First
Spawn Locations
Close Positions
Add a new tag
Caveats
  • Supply blocks, unpowered buildings, or Contaminate may cause inaccurate times.
  • Supply counts are checked every 10 seconds.